 Dungeon Crawl Stone Soup version 0.31-a0-841-g038b102fc3 (webtiles) character file.

Game seed: 8589515999283592501

32246 night the Grappler (level 13, -3/106 HPs)
             Began as a Demonspawn Shapeshifter on Sept 27, 2023.
             Was a High Priest of Vehumet.
             Drowned by a drowned soul (12 damage)
             ... summoned by a merfolk avatar
             ... on level 5 of the Lair of Beasts.
             The game lasted 00:44:48 (16547 turns).

night the Grappler (Demonspawn Shapeshifter)       Turns: 16547, Time: 00:44:49

Health: -3/106     AC: 17    Str: 19    XL:     13   Next: 30%
Magic:  25/25      EV: 12    Int: 10    God:    Vehumet [*****.]
Gold:   713        SH:  0    Dex: 15    Spells: 20/28 levels left

rFire   + + .        n - melded +0 sling (drain)
rCold   . . .        (shield currently unavailable)
rNeg    + + .        h - +3 leather armour {rF+}
rPois   .            (no helmet)
rElec   +            o - +2 cloak of Mezcal {rCorr Int-5 Dex+2 SInv}
rCorr   +            e - +2 pair of gloves
SInv    +            l - +1 pair of boots of the Akabeko {rElec rN++ Str+3}
Will    .....        X - amulet of regeneration
Stlth   +            m - +4 ring of slaying
HPRegen 1.17/turn    q - ring of protection from fire
MPRegen 0.19/turn

%: no passive effects
@: flux-form, mesmerised, hasted, glowing, very quick
A: glow, contaminating, molten scales 2, foul stench 1, demonic touch 2
a: Begin Untransformation, Renounce Religion


You were on level 5 of the Lair of Beasts.
You worshipped Vehumet.
Vehumet was extremely pleased with you.
You were something dangerously unstable.
You visited 2 branches of the dungeon, and saw 15 of its levels.
You also visited: Sewer and Volcano.

You collected 1119 gold pieces.
You spent 406 gold pieces at shops.

Inventory:

Hand Weapons
 k - the +2 whip of Tuiredwokk {freeze, rF+ Int+8 Dex-5 Stlth+}
   (You found it on level 4 of the Lair of Beasts)

   Int+8:     It affects your intelligence (+8).
   Dex-5:     It affects your dexterity (-5).
   rF+:       It protects you from fire.
   Stlth+:    It makes you more stealthy.
 n - a +0 sling of draining (melded)
Missiles
 u - 5 boomerangs
 M - 3 throwing nets
Armour
 a - a +1 scale mail of fire resistance
 e - a +2 pair of gloves (worn)
 h - a +3 leather armour of fire resistance (worn)
 l - the +1 pair of boots of the Akabeko (worn) {rElec rN++ Str+3}
   (You acquired it on level 7 of the Dungeon)

   Str+3:     It affects your strength (+3).
   rElec:     It insulates you from electricity.
   rN++:      It greatly protects you from negative energy.
 o - the +2 cloak of Mezcal (worn) {rCorr Int-5 Dex+2 SInv}
   (You found it on level 2 of the Dungeon)

   Int-5:     It affects your intelligence (-5).
   Dex+2:     It affects your dexterity (+2).
   SInv:      It lets you see invisible.
   rCorr:     It protects you from acid and corrosion.
Jewellery
 m - a +4 ring of slaying (left hand)
 q - a ring of protection from fire (right hand)
 t - a ring of willpower
 X - an amulet of regeneration (around neck)
Talismans
 c - a beast talisman
 d - a flux talisman (active)
 W - a blade talisman
Wands
 p - a wand of paralysis (14)
 J - a wand of flame (32)
 N - a wand of roots (18)
Scrolls
 f - a scroll of blinking
 i - 4 scrolls of enchant weapon
 r - 3 scrolls of fog
 w - 3 scrolls of poison
 y - 5 scrolls of fear
 E - 2 scrolls of noise
 K - 3 scrolls of revelation
 P - a scroll of enchant armour
 R - a scroll of immolation
 T - a scroll of vulnerability
 V - 2 scrolls of teleportation
Potions
 b - 2 potions of lignification
 g - 7 potions of curing
 j - 2 potions of enlightenment {unknown}
 s - 2 potions of invisibility {unknown}
 v - 5 potions of might
 x - 3 potions of ambrosia {unknown}
 z - 4 potions of magic
 A - 4 potions of haste
 B - 4 potions of resistance {unknown}
 C - a potion of brilliance {unknown}
 F - 2 potions of attraction {unknown}
 H - 3 potions of mutation {unknown}
 I - 3 potions of heal wounds {unknown}
 Q - 2 potions of cancellation {unknown}
 Z - a potion of berserk rage {unknown}


   Skills:
 + Level 11.1 Fighting
 - Level 1.7 Dodging
 + Level 14.2 Unarmed Combat
 - Level 8.3 Spellcasting
 - Level 6.3 Conjurations
 - Level 3.0 Fire Magic
 + Level 1.4 Poison Magic
 + Level 9.7 Shapeshifting


You had 20 spell levels left.
You knew the following spells:

 Your Spells              Type           Power      Damage    Failure   Level
a - Momentum Strike       Conj/Tloc      20%        3d8       2%          2
b - Scorch                Fire           20%        2d5       2%          2
c - Olgreb's Toxic Radia  Pois           7%         N/A       26%         4

Your spell library contained the following spells:

 Spells                   Type           Power      Damage    Failure   Level
 Static Discharge         Conj/Air       20%        2-3/arc   2%          2
 Dazzling Flash           Conj/Hex       20%        N/A       4%          3
 Flame Wave               Conj/Fire      13%        2d6       8%          4
 Apportation              Tloc           8%         N/A       19%         1
 Necrotise                Necr           16%        1d4       19%         1
 Summon Small Mammal      Summ           16%        N/A       19%         1
 Jinxbite                 Hex            8%         N/A       28%         2
 Airstrike                Air            2%         2d(1-17)  41%         4
 Call Canine Familiar     Summ           4%         N/A       50%         3
 Sigil of Binding         Hex            4%         N/A       50%         3
 Vampiric Draining        Necr           4%         2d6       50%         3
 Lee's Rapid Deconstruct  Erth           2%         3d4*      75%         5
 Bombard                  Conj/Erth      5%         9d2       86%         6
 Anguish                  Hex/Necr       2%         N/A       88%         4
 Animate Dead             Necr           4%         N/A       88%         4
 Cause Fear               Hex            2%         N/A       88%         4
 Dimensional Bullseye     Hex/Tloc       2%         N/A       88%         4
 Leda's Liquefaction      Hex/Erth       2%         N/A       88%         4
 Summon Ice Beast         Ice/Summ       4%         N/A       88%         4
 Summon Lightning Spire   Summ/Air       4%         N/A       88%         4
 Agony                    Necr           4%         N/A       99%         5
 Alistair's Intoxication  Tmut/Pois      3%         N/A       99%         5
 Borgnjor's Vile Clutch   Necr/Erth      2%         N/A       99%         5
 Silence                  Hex/Air        2%         N/A       99%         5
 Summon Forest            Summ/Tloc      2%         N/A       99%         5
 Summon Mana Viper        Hex/Summ       4%         N/A       99%         5
 Death Channel            Necr           2%         N/A       100%        6
 Summon Cactus Giant      Summ           2%         N/A       100%        6
 Enfeeble                 Hex            2%         N/A       100%        7
 Monstrous Menagerie      Summ           2%         N/A       100%        7


Dungeon Overview and Level Annotations

Branches:
Dungeon (10/15)            Temple (0/1) D:7            Lair (5/5) D:9
  Swamp (0/4) Lair:3        Snake (0/4) Lair:2        Slime (0/5) Lair:4
    Orc (0/2) D:10          Sewer (visited)         Volcano (visited)

Altars:
Hepliaklqana
Makhleb
Okawaru
Qazlal
Trog
Vehumet
Wu Jian
Xom

Shops:
D:5 *

Annotations:
D:1 1 transporter


Innate Abilities, Weirdness & Mutations

You are something dangerously unstable.
You glow with magical radiation, making you easy to see and hit.
Foes you strike become dangerously contaminated with magical radiation.
You are incapable of wielding weapons or throwing items.
You are mostly covered in molten scales. (AC +3)
You may rarely emit foul miasma when damaged in melee.
Your touch may inflict irresistible damage on your foes.


Message History

You are no longer entranced.
The drowned soul returns to the deep!
Your unstable footing causes you to fumble your attack.
The cane toad stings you but does no damage.
Your unstable footing causes you to fumble your attack.
The cane toad stings you.
You punch the cane toad!
The cane toad begins to glow.
The cane toad is moderately wounded.
The cane toad misses you.
The merfolk avatar chants a haunting song.
You resist.
Your unstable footing causes you to fumble your attack.
Your unstable footing causes you to fumble your attack.
The shadowy forms in the deep grow still as others approach.
The cane toad stings you!
Your unstable footing causes you to fumble your attack.
The cane toad barely misses you.
Your unstable footing causes you to fumble your attack.
The merfolk avatar chants a haunting song.
You are mesmerised by the merfolk avatar!
The cane toad stings you.
You hear an angry growl.
You hit the cane toad but do no damage.
The cane toad glows dangerously bright.
The cane toad is moderately wounded.
The cane toad stings you!!
* * * LOW HITPOINT WARNING * * *
You punch the cane toad!
The cane toad shudders as magic cascades through it!!
You kill the cane toad!
Vehumet accepts your kill.
The pull of its song draws you forwards.
A polar bear comes into view.
The shadowy forms in the deep grow still as others approach.
The merfolk avatar chants its luring song.
It was a potion of haste.
You feel yourself speed up.
The drowned soul returns to the deep!
The komodo dragon bites you!
* * * LOW HITPOINT WARNING * * *
The merfolk avatar chants its luring song.
The drowned soul touches you. The drowned soul drowns you!
You die...

,,*##...#.....#..##~~##~~~~~~*,~~
,,##.[#########.~##~~#~~~~*~~**~~
,,#..#.#.# ##.~~~~..~~~~~~~~~~~
,,#......#####..~~~~~##~***~~*~*~
,,###.....##.....##~~#~~~~~~~~~~~
,,* #(.....#....~##~~#~~~*~,~,*~*
,,* #.#...##...~~†~~~#8~~~~~~~~~~
,,* ####..##...P~~~~†#####~P~,*,*
,,* ##....##....~~#~~p⌠m~~~~~~~~~
,** #.....#......#~~~#lW~8~~~~~~~
** ##...##.....~~~~##.~~W~..~*~~
* #####......~~~P~*Ph~#!$!~*~~
****........#P..*~~~#~≈≈~*~~
***,,,,.......~~~..~.~#~~≈~*~~
****,,,,,,,......~~.~.~~~#~~~~*,~
,*,,,,,,,,,,,....~~#~*..~#*~***~~
,,,,,,*,,*,,,,...##~~*~~~8~,*~8~~


You could see a merfolk avatar (mesmerising), a polar bear, a komodo dragon and
2 drowned souls.

Vanquished Creatures
  A red draconian (Volcano)
  The ghost of Osajif the Thaumaturge, a journeyman DESh of Vehumet (Lair:4)
  2 hydras
  A centaur warrior (Volcano)
  A two-headed ogre (D:10)
  2 boulder beetles
  2 skysharks
  A bog body (Lair:3)
  A necromancer (Lair:3)
  An oklob plant (Lair:4)
  4 elephants (Lair:3)
  2 molten gargoyles (Volcano)
  4 black mambas
  A gargoyle (D:10)
  11 cane toads
  A torpor snail (Lair:5)
  2 kobold demonologists (D:10)
  3 rime drakes
  3 komodo dragons
  2 trolls (D:9)
  9 blink frogs
  3 wyverns
  2 basilisks
  2 fire bats (Volcano)
  39 yaks
  Grum (D:8)
  A steam dragon (D:7)
  3 wargs (D:9)
  7 water moccasins
  2 sky beasts
  4 ice beasts
  5 orc warriors
  2 ogres
  10 wolves
  5 centaurs
  2 phantoms
  2 kobold brigands (D:10)
  9 bullfrogs
  A scorpion (D:5)
  5 wights (D:9)
  6 killer bees (D:8)
  3 electric eels (D:10)
  2 howler monkeys
  3 hounds
  6 lava snakes (Volcano)
  4 jellies (Lair:4)
  13 orc priests
  2 gnoll boudas
  14 orc wizards
  2 polar bear simulacra (Lair:3)
  A yak simulacrum (Lair:3)
  3 wolf simulacra (Lair:3)
  18 gnolls
  11 adders
  5 river rats (Sewer)
  An ufetubus (D:5)
  A worm (D:2)
  4 dart slugs
  56 orcs
  11 ball pythons
  5 bats
  8 endoplasms
  5 giant cockroaches
  8 hobgoblins
  8 jackals
  26 kobolds
  7 quokkas
  4 frilled lizards
  8 goblins
  19 rats
  5 river rat simulacra (Lair:3)
429 creatures vanquished.

Vanquished Creatures (others)
  An orc (D:10)
1 creature vanquished.

Grand Total: 430 creatures vanquished

Notes
Turn   | Place    | Note
-------+----------+-------------------------------------------
     0 | D:1      | night the Demonspawn Shapeshifter began the quest for the
                  | Orb.
     0 | D:1      | Reached XP level 1. HP: 15/15 MP: 1/1
   218 | D:1      | Reached skill level 3 in Unarmed Combat
   218 | D:1      | Gained mutation: You are partially covered in molten
                  | scales. (AC +2) [demonic ancestry]
   218 | D:1      | Reached XP level 2. HP: 19/21 MP: 2/2
   808 | D:2      | Gained mutation: You may rarely emit foul miasma when
                  | damaged in melee. [demonic ancestry]
   808 | D:2      | Reached XP level 3. HP: 22/24 MP: 3/3
   985 | D:2      | Identified the +2 cloak of Mezcal {rCorr Int-5 Dex+2 SInv}
  1209 | D:2      | Reached skill level 2 in Fighting
  1261 | D:2      | Gained mutation: Your touch may inflict minor irresistible
                  | damage on your foes. [demonic ancestry]
  1261 | D:2      | Reached XP level 4. HP: 27/33 MP: 4/4
  1360 | D:2      | Identified the +3 hand axe of Moderation {pain, rPois
                  | Will+++ Dex-4}
  1441 | D:2      | Reached skill level 4 in Unarmed Combat
  1745 | D:3      | Reached XP level 5. HP: 35/39 MP: 5/5
  1839 | D:3      | Found a glowing drain.
  1849 | Sewer    | Entered a sewer
  2689 | D:3      | Found a shimmering altar of Xom.
  2689 | D:3      | Found a shimmering altar of Xom.
  2690 | D:3      | Found a shimmering altar of Xom.
  2690 | D:3      | Found a shimmering altar of Xom.
  2692 | D:3      | Found a shimmering altar of Xom.
  2693 | D:3      | Found a shimmering altar of Xom.
  2950 | D:4      | Reached XP level 6. HP: 40/47 MP: 6/6
  3180 | D:4      | Found a radiant altar of Vehumet.
  3389 | D:4      | Became a worshipper of Vehumet
  3437 | D:4      | Reached skill level 5 in Unarmed Combat
  3852 | D:5      | Entered Level 5 of the Dungeon
  3935 | D:5      | Reached * piety under Vehumet
  3935 | D:5      | Offered knowledge of Sandblast by Vehumet.
  3967 | D:5      | Noticed an ice beast
  3985 | D:5      | Killed an ice beast
  3986 | D:5      | Reached XP level 7. HP: 53/53 MP: 7/7
  4144 | D:5      | Found Teb Sis's Assorted Antiques.
  4151 | D:5      | Bought a scroll labelled IVUSMIL ORYTEYNWU for 28 gold
                  | pieces
  4151 | D:5      | Bought a fine sling for 182 gold pieces
  4151 | D:5      | Identified the +1 sling of Sigiliv {drain, Contam Str-3
                  | Int+5 SInv} (You bought it in a shop on level 5 of the
                  | Dungeon)
  4220 | D:5      | Reached skill level 6 in Unarmed Combat
  4393 | D:5      | Found a burning altar of Makhleb.
  4774 | D:5      | Gained mutation: Your touch may inflict irresistible damage
                  | on your foes. [demonic ancestry]
  4774 | D:5      | Reached XP level 8. HP: 61/61 MP: 8/8
  4837 | D:6      | Offered knowledge of Momentum Strike by Vehumet.
  4840 | D:6      | Reached ** piety under Vehumet
  4845 | D:6      | Learned a level 2 spell: Momentum Strike
  4931 | D:6      | Reached skill level 7 in Unarmed Combat
  5110 | D:6      | Reached skill level 5 in Fighting
  5110 | D:6      | Reached skill level 5 in Shapeshifting
  5732 | D:7      | Reached skill level 8 in Unarmed Combat
  5745 | D:7      | Found an iron altar of Okawaru.
  5754 | D:7      | Identified 2 scrolls of acquirement
  5754 | D:7      | Acquired a manual of Unarmed Combat
  5772 | D:7      | Found a bloodstained altar of Trog.
  5918 | D:7      | Found a staircase to the Ecumenical Temple.
  5988 | D:7      | Gained mutation: You are mostly covered in molten scales.
                  | (AC +3) [demonic ancestry]
  5988 | D:7      | Reached XP level 9. HP: 59/69 MP: 9/9
  6153 | D:7      | Acquired the +1 pair of boots of the Akabeko {rElec rN++
                  | Str+3}
  6245 | D:5      | Bought a shiny scale mail for 196 gold pieces
  6565 | D:8      | Noticed Grum
  6578 | D:8      | Reached skill level 1 in Spellcasting
  6587 | D:8      | Killed Grum
  6596 | D:8      | HP: 9/61 [poisoned by Grum]
  6600 | D:8      | HP: 4/61 [wolf[Grum] (4)]
  6603 | D:8      | Offered knowledge of Searing Ray by Vehumet.
  6905 | D:8      | Reached skill level 9 in Unarmed Combat
  6905 | D:8      | Reached skill level 2 in Spellcasting
  7745 | D:9      | Reached *** piety under Vehumet
  7811 | D:9      | Noticed a troll
  7823 | D:9      | Killed a troll
  7862 | D:9      | Reached skill level 10 in Unarmed Combat
  7862 | D:9      | Reached XP level 10. HP: 76/79 MP: 15/15
  7885 | D:9      | Found a staircase to the Lair.
  7988 | D:9      | Offered knowledge of Hailstorm by Vehumet.
  8067 | D:9      | Found an ornate altar of the Wu Jian Council.
  8695 | D:9      | Found a hazy altar of Hepliaklqana.
  8709 | D:10     | Entered Level 10 of the Dungeon
  9018 | D:10     | HP: 11/80 [red devil/+1 demon trident of pain[a kobold
                  | demonologist] (2)]
  9022 | D:10     | Reached **** piety under Vehumet
  9024 | D:10     | Reached skill level 11 in Unarmed Combat
  9025 | D:10     | HP: 11/80 [poisoned by a kobold]
  9030 | D:10     | HP: 12/80 [poisoned by a kobold]
  9033 | D:10     | Offered knowledge of Irradiate by Vehumet.
  9528 | D:10     | Reached skill level 5 in Spellcasting
 10161 | D:10     | Noticed a two-headed ogre
 10169 | D:10     | Killed a two-headed ogre
 10170 | D:10     | Reached XP level 11. HP: 80/87 MP: 19/19
 10220 | D:10     | Found a stormy altar of Qazlal.
 10602 | D:10     | Found a staircase to the Orcish Mines.
 10995 | Lair:1   | Entered Level 1 of the Lair of Beasts
 11244 | Lair:1   | Reached ***** piety under Vehumet
 11245 | Lair:1   | Reached skill level 12 in Unarmed Combat
 11255 | Lair:1   | Offered knowledge of Yara's Violent Unravelling by Vehumet.
 11393 | Lair:1   | Learned a level 2 spell: Scorch
 11663 | Lair:1   | Reached skill level 1 in Conjurations
 11663 | Lair:1   | Reached skill level 1 in Fire Magic
 12437 | Lair:2   | Found a staircase to the Snake Pit.
 12461 | Lair:2   | Reached skill level 2 in Conjurations
 12527 | Lair:2   | Noticed a skyshark
 12536 | Lair:2   | Killed a skyshark
 12537 | Lair:2   | Reached skill level 2 in Fire Magic
 12935 | Lair:2   | Reached XP level 12. HP: 67/97 MP: 22/22
 13700 | Lair:3   | Reached skill level 13 in Unarmed Combat
 14197 | Lair:3   | Reached skill level 10 in Fighting
 14396 | Lair:3   | Noticed a boulder beetle
 14399 | Lair:3   | Found a staircase to the Swamp.
 14409 | Lair:3   | Killed a boulder beetle
 14570 | Lair:3   | Reached skill level 5 in Conjurations
 14864 | Lair:4   | Noticed a boulder beetle
 14878 | Lair:4   | Killed a boulder beetle
 14926 | Lair:4   | Noticed a seven-headed hydra
 14938 | Lair:4   | Killed a seven-headed hydra
 15034 | Lair:4   | Found a runed translucent door.
 15065 | Lair:4   | Noticed Osajif's ghost (journeyman DESh)
 15081 | Lair:4   | Killed Osajif's ghost
 15091 | Lair:4   | Identified the +2 whip of Tuiredwokk {freeze, rF+ Int+8
                  | Dex-5 Stlth+}
 15681 | Lair:4   | Found a runed translucent door.
 15684 | Lair:4   | Found a staircase to the Slime Pits.
 15849 | Lair:5   | Entered Level 5 of the Lair of Beasts
 15854 | Lair:5   | Noticed an eight-headed hydra
 15896 | Lair:5   | Reached XP level 13. HP: 71/104 MP: 25/25
 15928 | Lair:5   | Reached skill level 14 in Unarmed Combat
 16026 | Lair:5   | Found a dark tunnel.
 16031 | Volcano  | Entered a volcano
 16236 | Volcano  | Found a radiant altar of Vehumet.
 16252 | Volcano  | Offered knowledge of Olgreb's Toxic Radiance by Vehumet.
 16289 | Volcano  | Noticed a red draconian
 16299 | Volcano  | Killed a red draconian
 16456 | Lair:5   | Learned a level 4 spell: Olgreb's Toxic Radiance
 16526 | Lair:5   | Reached skill level 1 in Poison Magic
 16547 | Lair:5   | HP: 9/106 [komodo dragon (16)]
 16547 | Lair:5   | Drowned by a drowned soul

Illustrated notes

Levels and vault maps discovered:
D:1:      spicycebolla_arrival_risky_transporter, layout_basic, nrook_campfire
D:2:      minmay_spotlight, layout_loops_ring, minmay_misc_feat_tiny,
          minmay_circle_x
D:3:      layout_rooms, xom_redecorated, portal_sewer_entry_d
D:4:      kennysheep_spiral_hall, layout_basic, lemuel_tele_altar,
          nicolae_kite_square_tiling_tiny
D:5:      layout_loops_ring, mainiacjoe_overflow_paths, serial_shops,
          nicolae_shop_hallway_stairs
D:6:      layout_gridville
D:7:      layout_rooms, mainiacjoe_overflow_concentric_impassable,
          okawaru_ov_weapons_minmay, minmay_temple_entry_statues_pillars
D:8:      layout_basic, uniq_grum
D:9:      layout_irregular_city, mainiacjoe_overflow_tiny_flanked,
          worldfamousw_hep_ancestral_shrine, erik_lair_orcish_takeover
D:10:     lemuel_ice_spiral_2, layout_stronghold,
          nicolae_qazlal_eye_of_the_storm, erik_orc_2
Lair:1:   layout_roguey, ldierk_geyser
Lair:2:   layout_cellular_growth, dummy_snake_entry, grunt_megastairs_2
Lair:3:   layout_gridlike, skrybe_swamp_entry_bodies, eino_house_with_fridge
Lair:4:   layout_loops_ring, slime_entry_2, ebering_ghost_reflecting_pool
Lair:5:   gammafunk_lair_ancient_temple, layout_cave_pods,
          nicolae_volcano_entry_s_turn

Skill      XL: |  1  2  3  4  5  6  7  8  9 10 11 12 13 |
---------------+----------------------------------------+-----
Unarmed Combat | 3 4 5 6 8 10 11 12 13 14 | 14.2
Shapeshifting  | 3 4 5 6 7 8 9 |  9.7
Fighting       | 2 3 4 5 7 8 9 10 11 | 11.1
Spellcasting   | 3 5 6 8 |  8.3
Conjurations   | 2 6 |  6.3
Fire Magic     | 2 3 |  3.0
Poison Magic   | 1 |  1.4
Dodging        | |  1.7

Action                     |  1- 3 |  4- 6 |  7- 9 | 10-12 | 13-15 || total
---------------------------+-------+-------+-------+-------+-------++-------
  Melee: Unarmed           |   136 |   274 |   242 |   541 |   107 ||  1300
         Punch             |     1 |     6 |     1 |     6 |       ||    14
         Touch             |       |    46 |    49 |   111 |    31 ||   237
   Fire: Sling             |       |       |       |    24 |       ||    24
   Cast: Scorch            |       |       |       |    13 |     1 ||    14
Ability: Begin Untransform |     3 |     1 |       |     1 |       ||     5
  Evoke: Wand              |       |       |     1 |     2 |     3 ||     6
    Use: Scroll            |       |     2 |    12 |     5 |       ||    19
         Potion            |       |       |       |     2 |     1 ||     3
   Stab: Sleeping          |       |     2 |     1 |       |       ||     3
         Distracted        |       |     1 |       |       |       ||     1
         Paralysed         |       |       |     6 |       |       ||     6
 Armour: Animal skin       |    68 |   121 |    57 |       |       ||   246
         Scale mail        |       |       |    69 |   406 |   108 ||   583
         Leather armour    |       |       |       |       |    36 ||    36
  Dodge: Dodged            |    67 |   152 |    97 |   208 |    66 ||   590
   Form: Beast             |     2 |     1 |       |       |       ||     3
         Flux              |       |       |     1 |     2 |       ||     3
         Blade             |       |       |       |     1 |       ||     1

Table legend: (Time is in decaauts)
 A = Elapsed time spent in this place.
 B = Non-inter-level travel time spent in this place.
 C = Inter-level travel time spent in this place.
 D = Time resting spent in this place.
 E = Time spent auto-exploring this place.
 F = Levels seen in this place.
 G = Mean time per level.
                   A        B        C        D        E       F      G
               +--------+--------+--------+--------+--------+-----+--------+
         Total |  16389 |  15709 |    680 |   1895 |  10624 |  17 |  964.1 |
       Dungeon |  10158 |   9647 |    511 |   1179 |   6602 |  10 | 1015.8 |
          Lair |   5047 |   4879 |    168 |    659 |   3425 |   5 | 1009.4 |
         Sewer |    791 |    791 |      0 |      0 |    584 |   1 |  791.0 |
       Volcano |    392 |    392 |      0 |     57 |     13 |   1 |  392.0 |
               +--------+--------+--------+--------+--------+-----+--------+

Top non-repeatable levels by time:
    D:10: 2110 daAuts
     D:8: 1324 daAuts
  Lair:1: 1308 daAuts
  Lair:2: 1207 daAuts
     D:9: 1184 daAuts
  Lair:3: 1166 daAuts
  Lair:4: 1123 daAuts
     D:5: 1025 daAuts
     D:4: 961 daAuts
     D:6: 872 daAuts
     D:2: 824 daAuts
   Sewer: 791 daAuts
     D:1: 786 daAuts
     D:7: 582 daAuts
     D:3: 486 daAuts
